[Event "Marshall CC Premier 04-2025"]
[Site "New York"]
[Date "2025.04.05"]
[Round "2.1"]
[White "Mottola, Max"]
[Black "Chasin, Nico"]
[Result "0-1"]
[Annotator "RC"]
[ECO "B90"]
[WhiteElo "2121"]
[BlackElo "2435"]
[PlyCount "138"]
[EventDate "2025.01.03"]
[EventType "swiss"]
[EventCountry "USA"]
[SourceTitle "playchess.com"]
[Source "ChessBase"]
[SourceQuality "1"]
[TimeControl "5400+30"]

1. e4 c5 2. Nf3 d6 3. d4 cxd4 4. Nxd4 Nf6 5. Nc3 a6 6. a4 g6 7. Be2 Bg7 8. O-O O-O 9. Be3 b6 10. a5 Bb7 11. axb6 Nbd7 12. f3 Nxb6 13. Nb3 Qc7 14. Na5 Bc8 15. Qe1 Be6 16. Qf2 Rfb8 17. Bd4 Nbd7 18. b3 Rb4 19. Nc4 a5 20. Na4 d5 21. exd5 Nxd5 22. Bxg7 Kxg7 23. f4 f6 24. Bd3 Bf7 25. Rae1 Re8 26. Re4 Rbb8 27. Ne3 Nb4 28. Bc4 e6 29. Nd1 f5 30. Ree1 Nf6 31. Ndc3 Rbd8 32. Re2 e5 33. Nb5 Qb8 34. fxe5 Ng4 35. Qh4 Bxc4 36. bxc4 Rxe5 37. Rxe5 Qxe5 38. Re1 Qf6 39. Qxf6+ Kxf6 40. h3 Ne5 41. Na3 Rd2 42. Rc1 Re2 43. Nc3 Rd2 44. c5 Nd5 45. Rd1 Rxd1+ 46. Nxd1 Ke6 47. c4 Nf4 48. Nc3 Kd7 49. Nd5 Ne6 50. Nf6+ Kc6 51. Nxh7 Kxc5 52. Nf6 Nxc4 53. Nc2 Nd4 54. Nd7+ Kd5 55. Nf6+ Ke5 56. Nd7+ Ke4 57. Nc5+ Kd5 58. Nxd4 Kxd4 59. Na4 Ne5 60. Kf2 Nd3+ 61. Kf3 g5 62. Nb6 Kc5 63. Na4+ Kb4 64. Nb6 Ne5+ 65. Kf2 a4 66. Nxa4 Kxa4 67. h4 gxh4 68. Ke3 Ng6 69. Kf3 Kb4 0-1

[Event "Marshall CC Premier 04-2025"]
[Site "New York"]
[Date "2025.04.05"]
[Round "2.2"]
[White "Knowles, Chase"]
[Black "Muthukumar, Haari"]
[Result "0-1"]
[Annotator "RC"]
[ECO "A13"]
[WhiteElo "1968"]
[BlackElo "2197"]
[PlyCount "66"]
[EventDate "2025.01.03"]
[EventType "swiss"]
[EventCountry "USA"]
[SourceTitle "playchess.com"]
[Source "ChessBase"]
[SourceQuality "1"]
[TimeControl "5400+30"]

1. Nf3 d5 2. c4 e6 3. e3 b6 4. b3 Bb7 5. Bb2 Nf6 6. Nc3 Nbd7 7. Qc2 a6 8. Be2 Bd6 9. g4 Nxg4 10. Rg1 Nge5 11. cxd5 exd5 12. Rxg7 Qe7 13. Rxh7 Rg8 14. O-O-O O-O-O 15. Nd4 Ba3 16. f4 Ng6 17. Qf5 Bxb2+ 18. Kxb2 c5 19. Nxd5 Qd6 20. Nb4 cxd4 21. Nxa6 Bxa6 22. Bxa6+ Kb8 23. Rc1 Ne7 24. Qxf7 dxe3 25. Qxe7 Qd4+ 26. Kb1 exd2 27. Rd1 Rge8 28. Qh4 Nc5 29. Bb5 Nd3 30. Bxd3 Qxd3+ 31. Kb2 Rc8 32. Qh6 Rc2+ 33. Kb1 Rc6+ 0-1

[Event "Marshall CC Premier 04-2025"]
[Site "New York"]
[Date "2025.04.05"]
[Round "2.3"]
[White "Berg, George"]
[Black "Hoffman, Luc"]
[Result "0-1"]
[Annotator "RC"]
[ECO "B45"]
[WhiteElo "1872"]
[BlackElo "2211"]
[PlyCount "62"]
[EventDate "2025.01.03"]
[EventType "swiss"]
[EventCountry "USA"]
[SourceTitle "playchess.com"]
[Source "ChessBase"]
[SourceQuality "1"]
[TimeControl "5400+30"]

1. e4 c5 2. Nf3 e6 3. d4 cxd4 4. Nxd4 Nf6 5. Nc3 Nc6 6. Ndb5 Bc5 7. Bf4 O-O 8. Bc7 Qe7 9. Bd6 Bxd6 10. Qxd6 Qd8 11. O-O-O a6 12. Nc7 Ra7 13. Be2 b5 14. N7xb5 axb5 15. Bxb5 Qb6 16. f3 Ne8 17. Qd2 Rb7 18. b3 Nc7 19. Ba4 Ne5 20. Qd4 Qa5 21. f4 Ng4 22. h3 Nf6 23. g4 d5 24. e5 Rb4 25. Qd2 d4 26. Nb1 Ne4 27. Qe1 Nc3 28. a3 Qxa4 29. axb4 Qa1 30. Kd2 Nxd1 31. Qxd1 Nd5 0-1

[Event "Marshall CC Premier 04-2025"]
[Site "New York"]
[Date "2025.04.05"]
[Round "2.4"]
[White "Bonin, Jay"]
[Black "Pan, Zachary"]
[Result "1-0"]
[Annotator "RC"]
[ECO "E02"]
[WhiteElo "2110"]
[BlackElo "1955"]
[PlyCount "135"]
[EventDate "2025.01.03"]
[EventType "swiss"]
[EventCountry "USA"]
[SourceTitle "playchess.com"]
[Source "ChessBase"]
[SourceQuality "1"]
[TimeControl "5400+30"]

1. d4 Nf6 2. Nf3 e6 3. c4 d5 4. g3 dxc4 5. Qa4+ Nbd7 6. Bg2 c5 7. dxc5 Bxc5 8. O-O O-O 9. Qxc4 Qe7 10. Bg5 h6 11. Bxf6 Nxf6 12. Nc3 Bd7 13. Ne5 Rac8 14. Qh4 b5 15. Rfd1 Be8 16. Nd3 b4 17. Ne4 Nxe4 18. Qxe7 Bxe7 19. Bxe4 Bc6 20. Bxc6 Rxc6 21. Rac1 Rfc8 22. Kf1 Kf8 23. Rxc6 Rxc6 24. Rc1 Rxc1+ 25. Nxc1 Ke8 26. Nd3 f6 27. Ke1 Kd7 28. Kd2 Kc6 29. Kc2 Bd6 30. Kb3 Kb5 31. a4+ bxa3 32. bxa3 a5 33. a4+ Kc6 34. Kc4 e5 35. e4 Bc7 36. g4 Bb6 37. h4 g6 38. h5 gxh5 39. gxh5 Ba7 40. f3 Be3 41. Ne1 Bf2 42. Ng2 Kd6 43. Kb5 Ke6 44. Kxa5 f5 45. Kb5 fxe4 46. fxe4 Kf6 47. a5 Kg5 48. a6 Kxh5 49. Ne1 Kg5 50. Nd3 Ba7 51. Kc6 h5 52. Kb7 Bd4 53. Nxe5 Kf4 54. Nf3 Kxf3 55. e5 Bxe5 56. a7 Kg2 57. a8=Q Bg3 58. Kb6+ Kg1 59. Qf3 h4 60. Kc5 Kh2 61. Kd4 h3 62. Ke3 Be5 63. Ke2 Bg3 64. Kf1 Bh4 65. Qe2+ Kh1 66. Qe4+ Kh2 67. Qxh4 Kh1 68. Qxh3# 1-0

[Event "Marshall CC Premier 04-2025"]
[Site "New York"]
[Date "2025.04.05"]
[Round "2.5"]
[White "Hebbar, Eshaan"]
[Black "Gartenlaub, Corin"]
[Result "1-0"]
[Annotator "RC"]
[ECO "D38"]
[WhiteElo "2175"]
[BlackElo "2018"]
[PlyCount "51"]
[EventDate "2025.01.03"]
[EventType "swiss"]
[EventCountry "USA"]
[SourceTitle "playchess.com"]
[Source "ChessBase"]
[SourceQuality "1"]
[TimeControl "5400+30"]

1. d4 Nf6 2. c4 e6 3. Nf3 d5 4. Nc3 Bb4 5. cxd5 exd5 6. Bg5 h6 7. Bh4 g5 8. Bg3 Ne4 9. Nd2 Nxc3 10. bxc3 Bxc3 11. Rc1 Ba5 12. e3 c6 13. h4 g4 14. h5 Bc7 15. Bh4 Qd6 16. Bd3 Be6 17. Bf6 Rf8 18. g3 Qa3 19. Qc2 Ba5 20. Rb1 Na6 21. Rxb7 Bxd2+ 22. Kxd2 Qa5+ 23. Ke2 Bd7 24. Bf5 Nb8 25. Rhb1 Qa6+ 26. Bd3 1-0

[Event "Marshall CC Premier 04-2025"]
[Site "New York"]
[Date "2025.04.05"]
[Round "2.6"]
[White "Klenoff, Caleb"]
[Black "Cheung, Kyle"]
[Result "1/2-1/2"]
[Annotator "RC"]
[ECO "B11"]
[WhiteElo "2141"]
[BlackElo "1934"]
[PlyCount "93"]
[EventDate "2025.01.03"]
[EventType "swiss"]
[EventCountry "USA"]
[SourceTitle "playchess.com"]
[Source "ChessBase"]
[SourceQuality "1"]
[TimeControl "5400+30"]

1. e4 c6 2. Nc3 d5 3. Qf3 d4 4. Bc4 Nf6 5. e5 dxc3 6. exf6 exf6 7. dxc3 Bd6 8. Qe2+ Qe7 9. Be3 O-O 10. O-O-O Be6 11. Nf3 b5 12. Bxe6 fxe6 13. Rhe1 Na6 14. a4 Nc7 15. Nd4 Qd7 16. Qf3 bxa4 17. Qxc6 Qxc6 18. Nxc6 Nd5 19. c4 Nxe3 20. Rxd6 Nxc4 21. Rdxe6 a3 22. bxa3 Nxa3 23. R1e4 Nb5 24. Kb2 a5 25. Ra4 Rfc8 26. c4 Na7 27. Nd4 Rab8+ 28. Kc3 Kf7 29. Ra6 Nb5+ 30. Nxb5 Rxb5 31. R6xa5 Rb1 32. Ra7+ Kg6 33. Ra1 Rb6 34. Rd7 Rbc6 35. Ra4 Kh6 36. Kd4 g5 37. Rd5 Kg6 38. c5 h5 39. Ra7 Re6 40. Ra2 Re1 41. Rc2 Rd1+ 42. Kc4 Rg1 43. f3 g4 44. Rb2 Rc1+ 45. Kd4 Rd1+ 46. Kc4 Rc1+ 47. Kd4 1/2-1/2

[Event "Marshall CC Premier 04-2025"]
[Site "New York"]
[Date "2025.04.05"]
[Round "2.7"]
[White "Kurup, Siddharth"]
[Black "Chin, Spencer"]
[Result "1/2-1/2"]
[Annotator "RC"]
[ECO "D32"]
[WhiteElo "1965"]
[BlackElo "2084"]
[PlyCount "63"]
[EventDate "2025.01.03"]
[EventType "swiss"]
[EventCountry "USA"]
[SourceTitle "playchess.com"]
[Source "ChessBase"]
[SourceQuality "1"]
[TimeControl "5400+30"]

1. d4 d5 2. c4 e6 3. Nc3 c5 4. cxd5 cxd4 5. Qxd4 Nc6 6. Qd1 exd5 7. Qxd5 Bd6 8. e3 Nf6 9. Qd1 O-O 10. Nf3 Qe7 11. Be2 Rd8 12. Bd2 Bf5 13. O-O Rac8 14. Rc1 Bb8 15. a3 Ne4 16. Nxe4 Bxe4 17. Nd4 Nxd4 18. exd4 Qd6 19. g3 Qxd4 20. Rxc8 Rxc8 21. Bc3 Qc5 22. Bf3 Bxf3 23. Qxf3 b6 24. Qg4 g6 25. Re1 Rd8 26. Qh4 Qd6 27. Qh6 Qf8 28. Qg5 Qd6 29. Bb4 Qd7 30. Re7 Qc6 31. Re1 Re8 32. Rxe8+ 1/2-1/2

[Event "Marshall CC Premier 04-2025"]
[Site "New York"]
[Date "2025.04.05"]
[Round "2.8"]
[White "Schaefer, Sasha Milo"]
[Black "Stancil, Kimani"]
[Result "1/2-1/2"]
[Annotator "RC"]
[ECO "B51"]
[WhiteElo "2050"]
[BlackElo "1919"]
[PlyCount "97"]
[EventDate "2025.01.03"]
[EventType "swiss"]
[EventCountry "USA"]
[SourceTitle "playchess.com"]
[Source "ChessBase"]
[SourceQuality "1"]
[TimeControl "5400+30"]

1. e4 c5 2. Nf3 d6 3. Bb5+ Nd7 4. c3 a6 5. Ba4 Ngf6 6. Qe2 e6 7. O-O b5 8. Bc2 Bb7 9. d4 Qc7 10. a4 Be7 11. Bd3 bxa4 12. Nbd2 O-O 13. Rxa4 Nb6 14. Ra1 a5 15. e5 Nfd5 16. Ne4 dxe5 17. dxe5 Nd7 18. Ng3 Rfc8 19. Re1 a4 20. h4 c4 21. Bc2 a3 22. bxa3 Nxc3 23. Qd2 Nd5 24. Nh5 c3 25. Qd4 Qc4 26. Qd1 Qg4 27. Ng3 Bc5 28. Ne4 Qh5 29. Ng3 Qg4 30. Ne4 Bc6 31. Qd3 g6 32. g3 Ba4 33. Kg2 Bxc2 34. Qxc2 Qf5 35. Re2 Be7 36. Neg5 Qxc2 37. Rxc2 Nb4 38. Re2 Nc5 39. Rb1 Ncd3 40. axb4 c2 41. Rxc2 Rxc2 42. Be3 Raa2 43. Ne4 Nxb4 44. Bg5 Nc6 45. Nd4 Bxg5 46. Nxc2 Be7 47. Ne3 Nxe5 48. Rb7 Bf8 49. Nf6+ 1/2-1/2

[Event "Marshall CC Premier 04-2025"]
[Site "New York"]
[Date "2025.04.05"]
[Round "2.9"]
[White "Le, Quan Anh"]
[Black "Marzouq, Chowdhury"]
[Result "0-1"]
[Annotator "RC"]
[ECO "B70"]
[WhiteElo "2111"]
[BlackElo "1983"]
[PlyCount "126"]
[EventDate "2025.01.03"]
[EventType "swiss"]
[EventCountry "USA"]
[SourceTitle "playchess.com"]
[Source "ChessBase"]
[SourceQuality "1"]
[TimeControl "5400+30"]

1. e4 c5 2. Nf3 d6 3. d4 cxd4 4. Nxd4 Nf6 5. Nc3 a6 6. g3 Nc6 7. Bg2 Nxd4 8. Qxd4 g6 9. O-O Bg7 10. a4 O-O 11. Qd3 Nd7 12. Nd5 Nc5 13. Qe2 a5 14. Ra2 b6 15. Bg5 Ba6 16. c4 Ra7 17. Rc1 h6 18. Be3 e6 19. Nf4 Qd7 20. Qc2 Rc8 21. b3 Bb7 22. Rd1 Qe7 23. Qb1 Raa8 24. Rad2 Rd8 25. Ne2 f5 26. exf5 Bxg2 27. Kxg2 gxf5 28. Bd4 Ne4 29. Rd3 Qb7 30. f3 e5 31. Be3 Nf6 32. Rxd6 Rxd6 33. Rxd6 e4 34. f4 Ng4 35. Qc1 Qc7 36. Rd5 Rd8 37. Rxd8+ Qxd8 38. h3 Qd3 39. hxg4 Qxe2+ 40. Kg1 Qxg4 41. Qe1 Qf3 42. Kh2 Qh5+ 43. Kg1 Qf3 44. Kh2 h5 45. Qd2 Kh7 46. Bxb6 Qxb3 47. Qxa5 Kg6 48. Qb5 Qc2+ 49. Kh3 Qe2 50. Qe8+ Kh7 51. Qf7 Qg4+ 52. Kh2 h4 53. gxh4 Qxh4+ 54. Kg2 Qg4+ 55. Kh1 Qh3+ 56. Kg1 e3 57. Qe6 Qg3+ 58. Kh1 Qe1+ 59. Kg2 Qf2+ 60. Kh1 Qf3+ 61. Kg1 Qg4+ 62. Kh1 e2 63. Ba5 Qh3+ 0-1

[Event "Marshall CC Premier 04-2025"]
[Site "New York"]
[Date "2025.04.05"]
[Round "2.10"]
[White "Li, Mason J"]
[Black "Saxena, Vihaan"]
[Result "1/2-1/2"]
[Annotator "RC"]
[ECO "C45"]
[WhiteElo "1823"]
[BlackElo "1913"]
[PlyCount "111"]
[EventDate "2025.01.03"]
[EventType "swiss"]
[EventCountry "USA"]
[SourceTitle "playchess.com"]
[Source "ChessBase"]
[SourceQuality "1"]
[TimeControl "5400+30"]

1. e4 e5 2. Nf3 Nc6 3. d4 exd4 4. Nxd4 Nf6 5. Nxc6 bxc6 6. e5 Qe7 7. Qe2 Nd5 8. c4 Ba6 9. b3 g6 10. g3 Bg7 11. Bb2 O-O 12. Bg2 Rfe8 13. O-O Nb6 14. Re1 d5 15. Nd2 f6 16. e6 Bc8 17. Rac1 Qxe6 18. Qf1 Qf7 19. cxd5 Rxe1 20. Qxe1 cxd5 21. a4 Bb7 22. a5 Re8 23. Qf1 Nc8 24. a6 Ba8 25. Qb5 Nb6 26. Bd4 f5 27. Nf3 c6 28. Qc5 Qf8 29. Qc3 Bxd4 30. Nxd4 Qd6 31. b4 Nc4 32. Bf1 c5 33. Nb5 Qc6 34. Na3 Nxa3 35. Qxa3 d4 36. f3 Re3 37. Qa2+ Kg7 38. Rxc5 Qxf3 39. Rc7+ Kh6 40. Rxh7+ Kxh7 41. Qf7+ Kh6 42. Qf8+ Kh7 43. Qf7+ Kh6 44. Qf8+ Kg5 45. Qd8+ Re7 46. Qxe7+ Kh6 47. Qh4+ Kg7 48. Qxd4+ Kh7 49. Qd7+ Kh8 50. Qc8+ Kh7 51. Qc7+ Kh8 52. Qe5+ Kh7 53. Qe7+ Kh8 54. Qf6+ Kh7 55. Qh4+ Kg7 56. Qe7+ 1/2-1/2